AoeStats
← miguelon01

Pilgrims

509428300Analyzed
4v4 RM · 5d ago on Sep 26, 2026· 38m 46s· 8 players
Game mode
Random Map
Map size
Large (8 player)
Population
200
Speed
Normal
Resources
Standard
Victory
Conquest
Starting age
Dark Age
Ending age
Imperial Age
RankedLock teamsTeams togetherTeam positionsShared explorationLock speedFull tech treeHidden civsTurbo modeCheats
Victory
Defeat
🇷🇴 Saracens · Romania
1204
+13
🇧🇷 Malians · Brazil
1177
+14
🇮🇹 Vikings · Italy
1168
+15
🇺🇸 Dravidians · United States
1067
+18
🇺🇸 Italians · United States
1166
-16
🇲🇽 Chinese · Mexico
1147
-16
🇩🇪 Inca · Germany
1117
-14
1113
-14
Sweet vendeta
3:11 Loom
12:28 Feudal Age
13:02 Town Watch
14:12 Double-Bit Axe
17:22 Castle Age
23:43 Imperial Age
21:22 Fletching
23:33 Bodkin Arrow
24:34 Bracer
25:05 Town Patrol
25:41 Wheelbarrow
25:30 Padded Archer Armor
25:36 Gold Mining
29:08 Leather Archer Armor
31:35 Hand Cart
33:54 Conscription
34:42 Murder Holes
35:08 Ballistics
35:33 Elite Skirmisher
36:18 Thumb Ring
Der Wieland
10:33 Feudal Age
9:55 Loom
ur dads dad
11:30 Loom
13:16 Feudal Age
14:26 Gold Mining
15:56 Double-Bit Axe
17:57 Fletching
22:04 Stone Mining
22:10 Horse Collar
25:16 Wheelbarrow
28:03 Castle Age
27:37 Padded Archer Armor
29:08 Bow Saw
29:04 Heavy Plow
30:50 Hand Cart
34:51 Imperial Age
33:58 Bodkin Arrow
34:22 Leather Archer Armor
34:58 Ballistics
37:00 Chemistry
Dani - Voy Fatal de Recursos
9:35 Loom
11:27 Feudal Age
14:35 Castle Age
14:02 Double-Bit Axe
19:02 Stone Mining
19:08 Gold Mining
19:49 Horse Collar
21:23 Bow Saw
22:46 Stone Shaft Mining
22:55 Wheelbarrow
24:55 Heavy Plow
28:10 Hand Cart
31:40 Imperial Age
31:56 Bloodlines
31:47 Husbandry
33:04 Elite Ballista Elephant
AestivalCloud79
8:00 Loom
16:11 Feudal Age
17:39 Double-Bit Axe
23:35 Castle Age
21:51 Horse Collar
22:10 Gold Mining
23:03 Fishing Lines
24:31 Fletching
24:42 Padded Archer Armor
24:06 Crossbowman
26:53 Wheelbarrow
26:54 Bow Saw
27:03 Heavy Plow
28:01 Leather Archer Armor
28:18 Gillnets
30:51 Ballistics
32:14 Hand Cart
32:06 Bodkin Arrow
33:27 Thumb Ring
38:43 Imperial Age
37:41 Forging
37:31 Scale Mail Armor
Tikka Masala
10:52 Feudal Age
9:19 Loom
11:06 Feudal Age
12:51 Double-Bit Axe
15:13 Fletching
15:50 Fishing Lines
16:57 Gold Mining
20:35 Castle Age
21:37 Medium Warships
21:19 Gillnets
23:08 Bodkin Arrow
24:50 Squires
26:38 Gold Shaft Mining
27:10 Arson
27:19 Horse Collar
28:50 Bow Saw
30:05 Scale Mail Armor
34:13 Imperial Age
31:50 Stone Mining
32:29 Ballistics
33:06 Forging
33:12 Chain Mail Armor
34:45 Iron Casting
34:22 Elite Varangian Guard
36:18 Plate Mail Armor
37:03 Heavy Plow
38:05 Onager
miguelon01
12:56 Feudal Age
15:06 Double-Bit Axe
16:13 Wheelbarrow
17:58 Horse Collar
19:14 Gold Mining
21:28 Castle Age
22:54 Medium Warships
23:18 Bow Saw
23:34 Hand Cart
24:01 Heavy Plow
24:37 Gold Shaft Mining
28:10 Imperial Age
27:38 Stone Mining
28:16 Forging
28:08 Scale Mail Armor
27:59 Fletching
28:47 Ballistics
28:11 Treadmill Crane
28:30 Capped Ram
33:14 Padded Archer Armor
34:16 Chain Mail Armor
36:41 Plate Mail Armor
36:28 Leather Archer Armor
steffens-spieleadresse
6:20 Loom
11:36 Feudal Age
16:45 Double-Bit Axe
20:26 Castle Age
21:35 Medium Warships
22:39 Wheelbarrow
21:50 Town Watch
21:59 Fletching
22:09 Padded Archer Armor
22:33 Fishing Lines
24:36 Gillnets
25:30 Hand Cart
35:35 Bodkin Arrow
35:55 Leather Archer Armor
36:47 Thumb Ring
36:54 Squires
36:40 Gambesons
36:40 Arson
36:16 Pikeman
Connection lost

Rejoining the realm…

Still unreachable

The connection could not be restored.

Session expired

The server has moved on; the page needs a fresh start.